 Dungeon Crawl Stone Soup version 0.27-a0-773-gaaee5cf45b (webtiles) character file.

Game seed: 16142862056399691715

6288 rageheart7 the Destroyer (level 10, -22/83 HPs)
             Began as a Green Draconian Conjurer on Mar 25, 2021.
             Annihilated by a centaur warrior simulacrum (24 damage)
             ... in a Gauntlet.
             The game lasted 00:25:41 (11567 turns).

rageheart7 the Destroyer (DrCj)                    Turns: 11567, Time: 00:25:41

Health: -22/83     AC: 11    Str: 20    XL:     10   Next: 63%
Magic:  17/24      EV: 11    Int: 24    God:
Gold:   546        SH:  0    Dex: 10    Spells: 22/29 levels left

rFire    . . .     SeeInvis .   g - +9 dagger of Callousness {pain, +Blink +Inv Int+4}
rCold    . . .     Faith    +   d - +1 buckler
rNeg     . . .     Spirit   .   (armour unavailable)
rPois    +         Reflect  .   (helmet restricted)
rElec    .         Harm     .   (no cloak)
rCorr    .         Rampage  .   a - +2 pair of gloves {Str+3}
Will     +....     NoTele   +   j - +0 pair of boots {Stlth+}
Stlth    ++........             b - amulet of faith
HPRegen  0.23/turn              o - +6 ring of strength
MPRegen  0.19/turn              (no ring)

@: confused, ambrosia-drunk, flying, slowed, very slow
A: breathe noxious fumes, AC +7, unfitting armour, poison resistance,
cold-blooded, big wings, strong-willed 1
a: Breathe Noxious Fumes, Stop Flying, Evoke Blink, Evoke Invisibility


You were in a Gauntlet.
You visited 1 branch of the dungeon, and saw 11 of its levels.
You also visited: Sewer and Gauntlet.

You collected 546 gold pieces.

Inventory:

Hand Weapons
 g - the +9 dagger of Callousness (weapon) {pain, +Blink +Inv Int+4}
   (You found it on level 5 of the Dungeon)

   In the hands of one skilled in necromantic magic, it inflicts extra damage on
   living creatures.
   It affects your intelligence (+4).
   It lets you turn invisible.
   It lets you blink.
 m - a +0 quick blade
Armour
 a - a +2 pair of gloves of strength (worn)
 d - a +1 buckler (worn)
 j - a +0 pair of boots of stealth (worn)
Magical Staves
 f - a staff of earth
Jewellery
 b - an amulet of faith (around neck)
 o - a +6 ring of strength (right hand)
Wands
 e - a wand of random effects (25)
 i - a wand of acid (9)
Scrolls
 c - a scroll of teleportation
 p - a scroll of silence
 r - a scroll of enchant armour
Potions
 h - 2 potions of ambrosia
 k - 5 potions of flight
 q - a potion of lignification
 s - 2 potions of might


   Skills:
 * Level 5.9 Fighting
 - Level 1.7 Dodging
 - Level 1.7 Stealth
 - Level 10.2 Spellcasting
 + Level 11.1 Conjurations
 * Level 1.3 Translocations


You had 22 spell levels left.
You knew the following spells:

 Your Spells              Type           Power      Damage    Failure   Level
a - Magic Dart            Conj           100%       1d8       1%          1
b - Searing Ray           Conj           100%       3d7       1%          2
c - Iskenderun's Mystic   Conj/Tloc      42%        2d10      7%          4

Your spell library contained the following spells:

 Spells                   Type           Power      Damage    Failure   Level
 Dazzling Flash           Conj/Hex       78%        N/A       2%          3
 Fulminant Prism          Conj/Hex       19%        3d11      9%          4


Dungeon Overview and Level Annotations

Branches:
Dungeon (12/15)            Temple (0/1) D:4           Sewer (visited)
Gauntlet (1/1)
   Lair: D:8-11         Orc: D:9-12

Altars:
Dithmenos
Gozag
Kikubaaqudgha
Makhleb
Ru
Trog

Shops:
D:2 [

Annotations:
D:12 math4jedi's ghost, journeyman MiBe Gauntlet 16 runed translucent doors, 11 transporters, exclusion: oklob plant


Innate Abilities, Weirdness & Mutations

You can breathe blasts of noxious fumes.
Your lurid green scales are hard. (AC +7)
You cannot fit into any form of body armour.
Your system is resistant to poisons. (rPois)
You are cold-blooded and may be slowed by cold attacks.
Your large and strong wings let you fly indefinitely.
You are strong-willed. (Will+)


Message History

Casting: Searing Ray (safe; 1% risk of failure)
Confirm with . or Enter, or press ? or * to list all spells.
Aiming: Searing Ray (safe; 1% risk of failure)
Press: ? - help, Shift-Dir - straight line, f - meliai simulacrum
Aim: a meliai simulacrum (almost destroyed, 15% to evade)
The searing ray hits the meliai simulacrum!
The meliai simulacrum vapourises! (Press . to maintain the ray.)
The centaur warrior simulacrum hits you.
The centaur warrior simulacrum freezes you!
The centaur warrior simulacrum misses you.
The centaur warrior simulacrum hits you but does no damage.
The centaur warrior simulacrum kicks you.
The centaur warrior simulacrum freezes you!!
You feel as though you will be slow longer.
* * * LOW HITPOINT WARNING * * *
What are your orders? t - Shout!
Orders for allies: a - Attack new target. r - Retreat! s - Stop attacking. g - Guard the area. f - Follow me.
Anything else - Cancel.
Okay, then.
Okay, then.
You feel better.
The centaur warrior simulacrum hits you but does no damage.
The centaur warrior simulacrum kicks you but does no damage.
You block the centaur warrior simulacrum's attack.
The centaur warrior simulacrum completely misses you.
You are confused.
You feel invigorated.
The centaur warrior simulacrum hits you.
* * * LOW HITPOINT WARNING * * *
The centaur warrior simulacrum freezes you!
You feel as though you will be slow longer.
* * * LOW HITPOINT WARNING * * *
The centaur warrior simulacrum kicks you.
* * * LOW HITPOINT WARNING * * *
The centaur warrior simulacrum freezes you!!
You die...

#####........#.#..........
###≈.....#######.#######....
#8#......#©...........©#...§
###..#######################
#..##.......##≈#....#..5p#
###..#.#.....#.#§#...#.#..5#
#8#..#..#...#..#≈#.^#.©.#.5#
###..#...#©#...#≈#^#..#..#^#
#..#....#@...#8##..#.#
###..#..Z#Z#...#§#..#.
#8#..#..#...#..#≈#^#..
###..#.#.....#.#§##..#
#..##..?©:..##≈#?.#.
###..#################
#8#.§....#©...........
###≈§....#######.#####
#####........#.#....


You could see a centaur warrior simulacrum.

Vanquished Creatures
  A cyclops (D:11)
  The ghost of noodleboyJ the Basher, an amateur DrFi of Gozag (D:6)
  Grinder (D:3)
  A shadow (D:11)
  A wraith (D:11)
  4 small abominations (Gauntlet)
  A water moccasin (D:7)
  A black bear (D:6)
  A meliai simulacrum (Gauntlet)
  2 ice beasts
  3 orc warriors
  2 sky beasts
  2 ogres
  A centaur (D:8)
  4 kobold brigands
  2 bullfrogs
  A wyvern skeleton (D:7)
  3 scorpions
  A troll zombie (D:12)
  12 killer bees
  11 wights
  3 howler monkeys
  A wyvern simulacrum (Gauntlet)
  4 centaur zombies
  A bullfrog zombie (D:5)
  2 centaur skeletons
  A bullfrog skeleton (D:5)
  2 jellies
  6 orc priests
  2 gnoll shamans
  3 hounds
  3 iguanas
  4 orc wizards
  3 centaur simulacra
  A hound zombie (D:5)
  13 gnolls
  11 adders
  A river rat (Sewer)
  A white imp (D:8)
  2 ufetubi
  An adder skeleton (D:4)
  A worm (D:3)
  23 orcs
  3 endoplasms
  5 giant cockroaches
  6 goblins
  7 hobgoblins
  10 jackals
  4 quokkas
  10 ball pythons
  2 bats (D:1)
  5 frilled lizards
  27 kobolds
  3 orc skeletons (D:12)
  2 orc zombies (D:12)
  8 rats
237 creatures vanquished.

Vanquished Creatures (others)
  6 fungi (Gauntlet)
  10 plants
16 creatures vanquished.

Grand Total: 253 creatures vanquished

Notes
Turn   | Place    | Note
-------+----------+-------------------------------------------
     0 | D:1      | rageheart7 the Draconian Conjurer began the quest for the
                  | Orb.
     0 | D:1      | Reached XP level 1. HP: 14/14 MP: 3/3
   548 | D:1      | Reached XP level 2. HP: 22/22 MP: 0/5
  1381 | D:1      | Reached XP level 3. HP: 20/27 MP: 6/6
  1620 | D:2      | Reached skill level 1 in Fighting
  1910 | D:2      | Reached skill level 5 in Conjurations
  1991 | D:2      | Found Toysitou's Armour Boutique.
  2067 | D:2      | Reached XP level 4. HP: 13/35 MP: 0/7
  2932 | D:3      | Reached XP level 5. HP: 34/40 MP: 2/9
  2937 | D:3      | Learned a level 2 spell: Searing Ray
  2942 | D:3      | Learned a level 4 spell: Iskenderun's Mystic Blast
  3021 | D:3      | Noticed Grinder
  3259 | D:3      | Killed Grinder
  3260 | D:3      | Reached skill level 6 in Conjurations
  3260 | D:3      | Reached XP level 6. HP: 48/48 MP: 0/11
  3949 | D:3      | Found an ancient bone altar of Kikubaaqudgha.
  3978 | D:3      | Your scales start taking on a lurid green colour.
  3978 | D:3      | Reached XP level 7. HP: 33/56 MP: 6/13
  3978 | D:3      | Gained mutation: Your system is resistant to poisons.
                  | (rPois) [Green Draconian growth]
  4390 | D:4      | Found a sacrificial altar of Ru.
  4403 | D:4      | Found a glowing drain.
  4436 | Sewer    | Entered a sewer
  4447 | Sewer    | Reached skill level 7 in Conjurations
  4680 | Sewer    | Found a glowing silver altar of Zin.
  4787 | D:4      | Found a staircase to the Ecumenical Temple.
  5353 | D:5      | Entered Level 5 of the Dungeon
  5355 | D:5      | Identified a scroll of acquirement
  5355 | D:5      | Acquired a +2 pair of gloves of strength
  5395 | D:5      | Reached skill level 5 in Spellcasting
  5659 | D:5      | Reached XP level 8. HP: 49/63 MP: 1/16
  5946 | D:5      | Found a bloodstained altar of Trog.
  5960 | D:5      | Identified the +9 dagger of Callousness {pain, +Blink +Inv
                  | Int+4}
  6170 | D:6      | Reached skill level 8 in Conjurations
  6734 | D:6      | Found a burning altar of Makhleb.
  6833 | D:6      | Reached XP level 9. HP: 68/71 MP: 18/20
  7158 | D:6      | Found a runed translucent gate.
  7158 | D:6      | Found a runed translucent gate.
  7159 | D:6      | Found a runed translucent gate.
  7163 | D:6      | Noticed noodleboyJ's ghost (amateur DrFi)
  7186 | D:6      | Reached skill level 9 in Conjurations
  7189 | D:6      | Killed noodleboyJ's ghost
  7551 | D:7      | Found a shadowy altar of Dithmenos.
  7862 | D:7      | Found an opulent altar of Gozag.
  8282 | D:7      | Gained mutation: Your large and strong wings let you fly
                  | indefinitely. [potion of mutation]
  8282 | D:7      | Gained mutation: You are strong-willed. (Will+) [potion of
                  | mutation]
  8750 | D:8      | Reached skill level 5 in Fighting
  8750 | D:8      | Reached skill level 10 in Conjurations
  9890 | D:9      | Found a shadowy altar of Dithmenos.
 10107 | D:9      | Reached XP level 10. HP: 43/81 MP: 9/23
 10679 | D:9      | You are sucked into a shaft and drop 3 floors!
 10679 | D:12     | Noticed a minotaur
 10680 | D:12     | Noticed an eight-headed hydra
 10680 | D:12     | Noticed math4jedi's ghost (journeyman MiBe)
 10863 | D:11     | Noticed a cyclops
 10875 | D:11     | Killed a cyclops
 10913 | D:11     | Reached skill level 10 in Spellcasting
 10924 | D:11     | Found a gate leading to a gauntlet.
 10931 | Gauntlet | Entered a Gauntlet
 10931 | Gauntlet | Found a large runed translucent door.
 10931 | Gauntlet | Found a large runed translucent door.
 10931 | Gauntlet | Found a large runed translucent door.
 10931 | Gauntlet | Found a large runed translucent door.
 10931 | Gauntlet | Found a large runed translucent door.
 10931 | Gauntlet | Found a large runed translucent door.
 10931 | Gauntlet | Found a runed translucent door.
 10931 | Gauntlet | Found a transporter.
 10931 | Gauntlet | Found a transporter.
 10931 | Gauntlet | Found a runed translucent door.
 10931 | Gauntlet | Found a large runed translucent door.
 10931 | Gauntlet | Found a large runed translucent door.
 10931 | Gauntlet | Found a large runed translucent door.
 10931 | Gauntlet | Found a large runed translucent door.
 10931 | Gauntlet | Found a large runed translucent door.
 10931 | Gauntlet | Found a large runed translucent door.
 10934 | Gauntlet | Noticed a tengu warrior
 11172 | Gauntlet | Found a transporter.
 11172 | Gauntlet | Found a transporter.
 11176 | Gauntlet | Found a large runed translucent door.
 11176 | Gauntlet | Found a large runed translucent door.
 11177 | Gauntlet | Found a runed translucent gate.
 11177 | Gauntlet | Found a runed translucent gate.
 11177 | Gauntlet | Found a runed translucent gate.
 11179 | Gauntlet | Found a transporter.
 11180 | Gauntlet | Noticed a wizard
 11201 | Gauntlet | Found a transporter.
 11247 | Gauntlet | Found a transporter.
 11262 | Gauntlet | Found a transporter.
 11263 | Gauntlet | Noticed an oklob plant
 11275 | Gauntlet | Found a transporter.
 11277 | Gauntlet | Noticed a torpor snail
 11279 | Gauntlet | Noticed a death yak
 11280 | Gauntlet | Noticed a death yak
 11283 | Gauntlet | Noticed a death yak
 11284 | Gauntlet | Noticed a death yak
 11292 | Gauntlet | Found a transporter.
 11363 | Gauntlet | Found a large runed translucent door.
 11363 | Gauntlet | Found a large runed translucent door.
 11381 | Gauntlet | Found a transporter.
 11395 | Gauntlet | Found a transporter.
 11409 | Gauntlet | Found a transporter.
 11411 | Gauntlet | Noticed a wretched star
 11431 | Gauntlet | Found a transporter.
 11521 | Gauntlet | Reached skill level 11 in Conjurations
 11565 | Gauntlet | Reached skill level 1 in Translocations
 11565 | Gauntlet | HP: 3/83 [centaur warrior simulacrum (23)]
 11567 | Gauntlet | Annihilated by a centaur warrior simulacrum

Illustrated notes

Levels and vault maps discovered:
D:1:      dpeg_arrival_simpleton_b, layout_basic, serial_bayou_ford_a,
          minmay_liquid_box, grunt_decor_arrowhead,
          chequers_serial_rivers_micro_d
D:2:      layout_basic, serial_shops, shop, minmay_door_square
D:3:      layout_basic, lemuel_doored_altar, uniq_grinder
D:4:      layout_gridville, minmay_temple_entry_poolview, gup_sewer_entry_glass,
          corexii_hall_statues_i, nicolae_ru_sacrificial_ziggurat
D:5:      layout_rooms, bloody_trog
D:6:      layout_rooms, gammafunk_ghost_necromancy, bloody_makhleb
D:7:      layout_basic, grunt_dithmenos_smoke, general_overflow_altar
D:8:      layout_layer_cave
D:9:      layout_basic, minitemple, serial_shops, nicolae_shop_trees,
          basic_altar, hangedman_weighted_door
D:11:     layout_stronghold, lair_entry_dummy, gauntlet_entry_generic,
          minivault_16, kennysheep_opposing_triangles
D:12:     layout_irregular_city, zombieorc2_lemuel,
          maelrawn_ghost_gauntlet_escape, elyvilon_altar_5
Gauntlet: gammafunk_gauntlet_branching
          [minmay_gauntlet_arena_make_your_own_arena,
          gammafunk_gauntlet_arena_open, nicolae_gauntlet_arena_x,
          gammafunk_gauntlet_arena_arrow_garden,
          gammafunk_gauntlet_arena_split_diamond,
          gammafunk_gauntlet_arena_corners, gammafunk_gauntlet_arena_grid,
          nicolae_gauntlet_arena_flowing_pool, gauntlet_exit_watery]

Skill      XL: |  1  2  3  4  5  6  7  8  9 10 |
---------------+-------------------------------+-----
Fighting       | 1 2 3 4 5 |  5.9
Conjurations   | 5 6 7 8 10 11 | 11.1
Spellcasting   | 3 4 5 7 9 10 | 10.2
Translocations | 1 |  1.3
Dodging        | |  1.7
Stealth        | |  1.7

Action                   |  1- 3 |  4- 6 |  7- 9 | 10-12 || total
-------------------------+-------+-------+-------+-------++-------
Melee: Unarmed           |     7 |       |       |       ||     7
       Tailslap          |     6 |     5 |    11 |     2 ||    24
       Short sword       |    52 |    38 |    53 |       ||   143
       Dagger            |       |       |    78 |    11 ||    89
 Cast: Magic Dart        |    48 |    58 |   175 |    12 ||   293
       Searing Ray       |       |     8 |    44 |    39 ||    91
 Abil: Breathe Noxious F |       |       |     4 |     1 ||     5
       Fly               |       |       |     1 |       ||     1
  Use: Potion            |     4 |     2 |     1 |     6 ||    13
       Scroll            |     1 |       |    16 |     1 ||    18
 Stab: Sleeping          |     3 |       |     1 |       ||     4
Armor: Skin              |     9 |    20 |    83 |    41 ||   153
Dodge: Dodged            |    38 |    26 |    95 |    29 ||   188
Block: Buckler           |     5 |    11 |    35 |    13 ||    64

Table legend: (Time is in decaauts)
 A = Elapsed time spent in this place.
 B = Non-inter-level travel time spent in this place.
 C = Inter-level travel time spent in this place.
 D = Time resting spent in this place.
 E = Time spent auto-exploring this place.
 F = Levels seen in this place.
 G = Mean time per level.
                   A        B        C        D        E       F      G
               +--------+--------+--------+--------+--------+-----+--------+
         Total |  11652 |  11404 |    248 |   2173 |   7133 |  13 |  896.3 |
       Dungeon |  10704 |  10456 |    248 |   1922 |   6886 |  11 |  973.1 |
         Sewer |    311 |    311 |      0 |     14 |    247 |   1 |  311.0 |
      Gauntlet |    636 |    636 |      0 |    237 |      0 |   1 |  636.0 |
               +--------+--------+--------+--------+--------+-----+--------+

Top non-repeatable levels by time:
     D:3: 1789 daAuts
     D:1: 1560 daAuts
     D:8: 1554 daAuts
     D:6: 1186 daAuts
     D:2: 1046 daAuts
     D:7: 973 daAuts
     D:5: 812 daAuts
     D:9: 804 daAuts
     D:4: 710 daAuts
Gauntlet: 636 daAuts
   Sewer: 311 daAuts
    D:11: 210 daAuts
    D:12: 54 daAuts
